 Dungeon Crawl Stone Soup version 0.29.1-13-g9f3cf754e1 (webtiles) character file.

Game seed: 6319664724878200975

16429 flickminster the Fighter (level 12, -13/84 HPs)
             Began as a Demonspawn Transmuter on Feb 4, 2023.
             Was an Elder of Hepliaklqana.
             Mangled by an orc warlord
             ... wielding a +0 battleaxe
              (34 damage)
             ... on level 1 of the Orcish Mines.
             The game lasted 01:37:09 (10493 turns).

flickminster the Fighter (Demonspawn Transmuter)   Turns: 10493, Time: 01:37:09

Health: -13/84     AC:  6    Str: 13    XL:     12   Next: 10%
Magic:  16/23      EV: 27    Int: 15    God:    Hepliaklqana [****..]
Gold:   716        SH:  0    Dex: 21    Spells: 20/26 levels left

rFire   . . .      SeeInvis .     - Unarmed
rCold   . . .      Faith    .   (shield currently unavailable)
rNeg    . . .      Spirit   .   (body armour currently unavailable)
rPois   x          Reflect  .   (helmet currently unavailable)
rElec   .          Harm     .   (cloak unavailable)
rCorr   .          Rampage  .   (gloves currently unavailable)
Will    .....                   (boots currently unavailable)
Stlth   ++........              (no amulet)
HPRegen 5.24/turn               p - +4 ring of slaying
MPRegen 0.18/turn               w - +4 ring of protection

@: spider-form (expiring)
A: venomous fangs, reduced essence, tiny, (molten scales 2), foul stench 1,
powered by death 2, (weakness stinger 3)
a: End Transformation, Renounce Religion, Recall Ancestor, Ancestor Identity,
Transference, Idealise


You were on level 1 of the Orcish Mines.
You worshipped Hepliaklqana.
Hepliaklqana was greatly pleased with you.
You were a venomous arachnid creature.
You visited 2 branches of the dungeon, and saw 12 of its levels.

You collected 716 gold pieces.

Inventory:

Hand Weapons
 j - the +7 hand axe "Jorofa" {pain, rC- rN+++ Will++ Str-5}
   (You found it on level 2 of the Dungeon)

   In the hands of one skilled in necromantic magic, it inflicts extra damage on
   living creatures.
   Str:       It affects your strength (-5).
   rC:        It makes you vulnerable to cold.
   rN:        It renders you almost immune to negative energy.
   Will:      It greatly increases your willpower.
 s - a +5 dagger
 D - a +4 dagger of venom (melded)
Missiles
 b - 11 poisoned darts
 y - 5 javelins
Armour
 a - a +0 robe
 c - a +1 leather armour
 f - a +2 pair of gloves (melded)
 h - a +1 robe of the Archmagi
 r - a scarf of resistance
 x - +0 steam dragon scales
 A - the +4 ring mail "Tiohy" (melded) {Will+ Str+3}
   (You found it on level 7 of the Dungeon)

   Str:       It affects your strength (+3).
   Will:      It increases your willpower.
Jewellery
 p - a +4 ring of slaying (left front leg)
 w - a +4 ring of protection (right front leg)
 B - an amulet of guardian spirit
 C - a ring of fire
 I - a ring of flight
 J - a ring of willpower
 M - a +6 ring of strength
Wands
 d - a wand of mindburst (3)
 n - a wand of flame (41)
 z - a wand of roots (7)
 G - a wand of acid (7)
 H - a wand of polymorph (1)
Scrolls
 l - 2 scrolls of immolation
 q - a scroll of summoning
 u - a scroll of amnesia
 E - a scroll of silence
 F - 4 scrolls of identify
Potions
 e - a potion of ambrosia
 g - a potion of degeneration
 i - a potion of haste
 k - 2 potions of brilliance
 m - 8 potions of curing
 o - a potion of resistance
 t - 2 potions of attraction
 v - a potion of magic
 K - a potion of experience {unknown}
 L - a potion of invisibility {unknown}
 N - a potion of mutation {unknown}


   Skills:
 + Level 8.3 Fighting
 + Level 7.0 Short Blades
 + Level 7.9 Dodging
 + Level 8.0 Unarmed Combat
 + Level 7.9 Spellcasting
 + Level 7.8 Transmutations


You had 20 spell levels left.
You knew the following spells:

 Your Spells              Type           Power      Damage    Failure   Level
a - Beastly Appendage     Tmut           58%        N/A       3%          1
b - Wereblood             Tmut           29%        N/A       4%          2
c - Spider Form           Tmut/Pois      17%        N/A       21%         3

Your spell library contained the following spells:

 Spells                   Type           Power      Damage    Failure   Level
 Foxfire                  Conj/Fire      20%        2x1d5     28%         1
 Freeze                   Ice            20%        1d4       28%         1
 Slow                     Hex            20%        N/A       28%         1
 Ice Form                 Ice/Tmut       17%        N/A       45%         4
 Confusing Touch          Hex            5%         N/A       58%         3
 Conjure Flame            Conj/Fire      5%         6-21      58%         3
 Dazzling Flash           Conj/Hex       10%        N/A       58%         3
 Frozen Ramparts          Ice            10%        1d2       58%         3
 Inner Flame              Hex/Fire       5%         N/A       58%         3
 Tukima's Dance           Hex            5%         N/A       58%         3
 Vampiric Draining        Necr           5%         2d6       58%         3
 Yara's Violent Unravell  Hex/Tmut       8%         3d5       77%         5
 Flame Wave               Conj/Fire      5%         2d5       90%         4
 Hailstorm                Conj/Ice       5%         3d4       90%         4
 Iskenderun's Mystic Bla  Conj/Tloc      5%         2d3       90%         4
 Passage of Golubria      Tloc           5%         N/A       90%         4
 Starburst                Conj/Fire      2%         6d3       100%        6


Dungeon Overview and Level Annotations

Branches:
Dungeon (11/15)            Temple (0/1) D:5            Lair (0/5) D:11
    Orc (1/2) D:11

Altars:
Cheibriados
Fedhas
Gozag
Hepliaklqana
Kikubaaqudgha
Makhleb
Okawaru
Qazlal
Ru
Trog
Vehumet
Yredelemnul

Shops:
D:9 ?


Innate Abilities, Weirdness & Mutations

You are a venomous arachnid creature.
You have poisonous fangs.
You are tiny and dextrous.
Your spellcasting is less reliable in this form.
Your armour is entirely melded.
You are incapable of wielding weapons or throwing items.
Your life essence is reduced to manifest your ancestor. (-10% HP)
((You are mostly covered in molten scales. (AC +3)))
You may rarely emit foul miasma when damaged in melee.
You regenerate health from kills.
((You have a sharp stinger which inflicts weakening toxins.))


Message History

Something hits you. The troll bites you. The troll completely misses you. x2
The orc warlord completely misses you.
Casting: Spider Form (dangerous; 14% risk of failure)
Confirm with . or Enter, or press ? or * to list all spells.
You turn into a venomous arachnid creature.
Your +4 dagger of venom melds into your body.
Your +2 pair of gloves melds into your body.
The +4 ring mail "Tiohy" {Will+ Str+3} melds into your body.
Your +4 dagger of venom stops dripping with poison.
Your primal bloodlust has ended.
The orc warrior barely misses you. Something misses you. The troll bites you.
The troll misses you. The troll claws you. The orc warlord closely misses you.
The orc completely misses you.
You hit the orc warrior but do no damage.
The orc warrior looks as sick as possible!
The orc warrior is severely wounded.
The orc warlord completely misses you. The orc warrior completely misses you.
Something hits you. The troll bites you. The troll misses you.
The troll completely misses you. The orc closely misses you.
Unknown command.
You bite the orc warrior!
You kill the orc warrior!
The troll closely misses you. The troll barely misses you.
The troll closely misses you. Something hits you but does no damage.
The orc warlord hits you with a +0 battleaxe!!!
The orc warlord attacks as you move away!
The orc warlord hits you with a +0 battleaxe!!
* * * LOW HITPOINT WARNING * * *
Something hits you.
* * * LOW HITPOINT WARNING * * *
Casting: Spider Form (dangerous; 21% risk of failure)
Confirm with . or Enter, or press ? or * to list all spells.
Okay, then.
Okay, then.
Okay, then.
You maul the orc!!
You kill the orc!
Your transformation is almost over.
The orc warlord hits you with a +0 battleaxe!!
You die...

.............
#$.........^..
.............
##........>..#
#...#.........
#......$......
#....).......
#.†s{......#
##.oTo.#...
###)T.....#
o...#....
##..#.....
##.......
.......
.......
.......


You could see an orc warlord (very poisoned), 2 trolls and an orc (strong).

Vanquished Creatures
  A boulder beetle (D:11)
  A two-headed ogre (D:10)
  A wizard (D:10)
  An orc sorcerer (Orc:1)
  5 ugly things (D:10)
  An unseen horror (D:11)
  Maggie (D:9)
  Psyche (D:11)
  A komodo dragon (D:10)
  2 trolls (Orc:1)
  3 hornets
  7 yaks
  5 wyverns
  3 humans (D:8)
  Grum (D:10)
  An acid dragon (D:9)
  4 water moccasins
  A sky beast (D:7)
  A black bear (D:11)
  4 orc warriors
  7 wolves
  2 centaurs
  2 kobold brigands
  A bullfrog (D:8)
  A necrophage (D:5)
  10 wights
  9 killer bees
  3 howler monkeys (D:8)
  A gnoll bouda (D:5)
  8 orc priests
  7 hounds
  5 iguanas
  Ijyb (D:8)
  A hexer (D:10)
  10 orc wizards
  7 adders
  3 gnolls (D:5)
  3 worms (D:2)
  4 dart slugs
  46 orcs
  9 endoplasms
  2 giant cockroaches
  8 goblins
  8 hobgoblins
  13 jackals
  14 kobolds
  2 quokkas
  10 ball pythons
  7 frilled lizards
  5 rats
254 creatures vanquished.

Vanquished Creatures (collateral kills)
  A very ugly thing (D:10)
  Erica (D:8)
  A wizard (D:10)
  A cyclops (D:11)
  An ugly thing (D:10)
  3 yaks
  An acid dragon (D:10)
  2 water moccasins
  A bullfrog (D:7)
  A necrophage (D:5)
  A wight (D:6)
  2 killer bees
  3 howler monkeys (D:8)
  An orc priest (D:3)
  4 orc wizards
  A gnoll (D:5)
  An ufetubus (D:4)
  11 orcs
  An endoplasm (D:1)
  2 goblins
  A jackal (D:5)
  A frilled lizard (D:1)
  3 rats
45 creatures vanquished.

Vanquished Creatures (others)
  2 hexers
  An ancestor (D:3)
  A fungus (D:11)
  5 plants (D:11)
  A withered plant (D:11)
10 creatures vanquished.

Grand Total: 309 creatures vanquished

Notes
Turn   | Place    | Note
-------+----------+-------------------------------------------
     0 | D:1      | flickminster the Demonspawn Transmuter began the quest for
                  | the Orb.
     0 | D:1      | Reached XP level 1. HP: 15/15 MP: 3/3
   258 | D:1      | Gained mutation: You may rarely emit foul miasma when
                  | damaged in melee. [demonic ancestry]
   258 | D:1      | Reached XP level 2. HP: 10/21 MP: 5/5
   269 | D:1      | HP: 1/31 [frozen (5)]
   601 | D:1      | Found a faded altar of an unknown god.
   601 | D:1      | Noticed a great orb of eyes
   605 | D:1      | Noticed a floating eye
   606 | D:1      | Noticed a great orb of eyes
   606 | D:1      | Noticed a floating eye
   611 | D:1      | Prayed at the altar of an unknown god.
   611 | D:1      | Became a worshipper of Hepliaklqana the Forgotten
   611 | D:1      | Reached * piety under Hepliaklqana
   864 | D:1      | Reached XP level 3. HP: 23/23 MP: 4/6
  1265 | D:1      | Learned a level 2 spell: Wereblood
  1437 | D:2      | Identified the +7 hand axe "Jorofa" {pain, rC- rN+++ Will++
                  | Str-5}
  1544 | D:2      | Gained mutation: You are partially covered in molten
                  | scales. (AC +2) [demonic ancestry]
  1544 | D:2      | Reached XP level 4. HP: 29/29 MP: 4/7
  2472 | D:3      | Found a blossoming altar of Fedhas.
  2588 | D:3      | Reached ** piety under Hepliaklqana
  2589 | D:3      | Remembered your ancestor Eanasir as a hexer
  2634 | D:3      | Reached XP level 5. HP: 15/34 MP: 7/9
  3462 | D:4      | Found an opulent altar of Gozag.
  3463 | D:4      | Found an opulent altar of Gozag.
  3463 | D:4      | Found an opulent altar of Gozag.
  3471 | D:4      | Found an opulent altar of Gozag.
  3810 | D:4      | Gained mutation: You are mostly covered in molten scales.
                  | (AC +3) [demonic ancestry]
  3810 | D:4      | Reached XP level 6. HP: 36/39 MP: 7/10
  4001 | D:4      | Found a basalt altar of Yredelemnul.
  4007 | D:4      | Found a radiant altar of Vehumet.
  4056 | D:4      | Found an iron altar of Okawaru.
  4056 | D:4      | Found a bloodstained altar of Trog.
  4364 | D:5      | Entered Level 5 of the Dungeon
  4403 | D:5      | Reached skill level 1 in Short Blades
  4603 | D:5      | Gained mutation: You have a small tail. [demonic ancestry]
  4603 | D:5      | Reached XP level 7. HP: 46/46 MP: 8/12
  4664 | D:5      | Found a staircase to the Ecumenical Temple.
  4733 | D:5      | Found a snail-covered altar of Cheibriados.
  5569 | D:6      | Reached XP level 8. HP: 53/54 MP: 12/14
  5771 | D:6      | Found a stormy altar of Qazlal.
  5861 | D:6      | Reached *** piety under Hepliaklqana
  6531 | D:7      | Identified the +4 ring mail "Tiohy" {Will+ Str+3}
  6616 | D:7      | Reached skill level 5 in Unarmed Combat
  6721 | D:8      | Gained mutation: You have a tail ending in a sharp stinger.
                  | [demonic ancestry]
  6721 | D:8      | Reached XP level 9. HP: 57/60 MP: 14/16
  6735 | D:8      | Reached skill level 5 in Fighting
  6735 | D:8      | Reached skill level 5 in Dodging
  6794 | D:8      | Found a sacrificial altar of Ru.
  6808 | D:8      | Reached skill level 5 in Spellcasting
  6808 | D:8      | Reached skill level 5 in Transmutations
  6854 | D:8      | Noticed Erica
  6863 | D:8      | Killed Erica
  7013 | D:8      | Noticed Ijyb
  7024 | D:8      | Killed Ijyb
  7036 | D:8      | Gained mutation: You regenerate a little health from kills.
                  | [demonic ancestry]
  7036 | D:8      | Reached XP level 10. HP: 31/68 MP: 18/18
  7450 | D:9      | Reached skill level 5 in Short Blades
  7547 | D:9      | Noticed Maggie
  7556 | D:9      | Killed Maggie
  7569 | D:9      | Found a burning altar of Makhleb.
  7866 | D:9      | Found Keiqif's Magic Scroll Boutique.
  7989 | D:10     | Entered Level 10 of the Dungeon
  7992 | D:10     | Noticed a two-headed ogre
  8000 | D:10     | Killed a two-headed ogre
  8092 | D:10     | Noticed a cyan ugly thing
  8094 | D:10     | Noticed a green ugly thing
  8103 | D:10     | Noticed a cyan ugly thing
  8103 | D:10     | Noticed a brown ugly thing
  8106 | D:10     | Noticed a red ugly thing
  8119 | D:10     | Killed a cyan ugly thing
  8150 | D:10     | Killed a red ugly thing
  8163 | D:10     | Killed a red ugly thing
  8164 | D:10     | Gained mutation: You regenerate health from kills. [demonic
                  | ancestry]
  8164 | D:10     | Reached XP level 11. HP: 13/75 MP: 19/21
  8164 | D:10     | Noticed a cyan ugly thing
  8473 | D:10     | Noticed Grum
  8481 | D:10     | Killed Grum
  8645 | D:10     | Killed a red ugly thing
  8741 | D:10     | Noticed a wizard
  8742 | D:10     | Noticed a white very ugly thing
  8752 | D:10     | Killed a wizard
  8760 | D:10     | Killed a white very ugly thing
  8858 | D:10     | Noticed a wizard
  8862 | D:10     | Killed a wizard
  8883 | D:10     | Identified the +0 leather armour "Ojenon" {+Blink}
  8888 | D:10     | Learned a level 3 spell: Spider Form
  9138 | D:10     | Killed a red ugly thing
  9185 | D:10     | Killed a cyan ugly thing
  9443 | D:10     | Identified the +1 ring mail of the Wilderness {Int+2}
  9530 | D:11     | Found an ancient bone altar of Kikubaaqudgha.
  9560 | D:11     | Noticed Psyche
  9583 | D:11     | Killed Psyche
  9646 | D:11     | Reached **** piety under Hepliaklqana
  9700 | D:11     | Found a staircase to the Orcish Mines.
  9792 | D:11     | Found a staircase to the Lair.
 10014 | D:11     | Noticed a boulder beetle
 10040 | D:11     | Killed a boulder beetle
 10456 | Orc:1    | Entered Level 1 of the Orcish Mines
 10459 | Orc:1    | Noticed an orc sorcerer
 10461 | Orc:1    | Gained mutation: You have a sharp stinger which inflicts
                  | weakening toxins. [demonic ancestry]
 10461 | Orc:1    | Reached XP level 12. HP: 83/83 MP: 17/23
 10464 | Orc:1    | Noticed an orc warlord
 10493 | Orc:1    | Mangled by an orc warlord

Illustrated notes

Levels and vault maps discovered:
D:1:      dpeg_arrival_prison, layout_basic,
          hellmonk_ecumenical_altar_watching_god
D:2:      layout_basic
D:3:      layout_basic, mainiacjoe_overflow_cross_hatched
D:4:      layout_loops_ring, grunt_temple_overflow_bloody_war,
          minmay_overflow_temple_star_quad,
          nicolae_gozag_conspicuous_consumption
D:5:      layout_basic, lemuel_round_altar,
          minmay_temple_entry_statues_fountains
D:6:      layout_basic, grunt_qazlal_sundering, mumra_transporter_accident
D:7:      layout_rooms
D:8:      erik_cavepeople, layout_cave_pools,
          mainiacjoe_overflow_six_doors_small, uniq_erica
D:9:      layout_basic, mainiacjoe_overflow_boulevard, serial_shops,
          nicolae_shop_advertising_works [nicolae_subvault_shop_adworks],
          uniq_maggie
D:10:     cheibrodos_breeding_chamber, layout_basic, minmay_orc_keep, uniq_grum
D:11:     layout_basic, minmay_lair_entry_grove, orc_0_dummy,
          kiku_gazebo_garden_becter, uniq_psyche
Orc:1:    layout_caves

Skill      XL: |  1  2  3  4  5  6  7  8  9 10 11 12 |
---------------+-------------------------------------+-----
Dodging        | 2 3 4 5 6 7 |  7.9
Transmutations | 2 3 4 5 6 7 |  7.8
Unarmed Combat | 3 4 5 6 7 8 |  8.0
Fighting       | 2 3 4 6 7 8 |  8.3
Spellcasting   | 3 4 5 6 7 |  7.9
Short Blades   | 1 2 3 4 5 6 7 |  7.0

Action                   |  1- 3 |  4- 6 |  7- 9 | 10-12 || total
-------------------------+-------+-------+-------+-------++-------
Melee: Unarmed           |   107 |   115 |       |    59 ||   281
       Kick              |    11 |    17 |    29 |    71 ||   128
       Headbutt          |     7 |    14 |    18 |    43 ||    82
       Punch             |     1 |     1 |     2 |    10 ||    14
       Dagger            |       |    56 |   156 |   188 ||   400
       Tailslap          |       |       |    21 |    39 ||    60
Throw: Javelin           |       |       |    11 |     6 ||    17
       Dart              |       |       |       |     2 ||     2
 Cast: Beastly Appendage |    12 |    16 |    14 |    24 ||    66
       Wereblood         |     3 |     7 |    10 |    13 ||    33
       Spider Form       |       |       |       |     7 ||     7
Invok: Recall Ancestor   |     1 |       |       |       ||     1
       Ancestor Life: He |       |     1 |       |       ||     1
Evoke: Wand              |       |     1 |       |     3 ||     4
  Use: Scroll            |     1 |    13 |     4 |     5 ||    23
       Potion            |     1 |     1 |     6 |     2 ||    10
 Stab: Sleeping          |     1 |     2 |       |       ||     3
       Distracted        |       |     1 |     4 |     3 ||     8
       Confused          |       |     3 |     2 |     6 ||    11
Armor: Leather armour    |    29 |    64 |    37 |       ||   130
       Skin              |     6 |       |       |     3 ||     9
       Ring mail         |       |       |    28 |    68 ||    96
Dodge: Dodged            |    51 |    89 |    76 |   185 ||   401
